 Seeded DCSS version 0.32-a0-918-g0f22ef8d61 (webtiles) character file.

Game seed: 202404115 (custom seed)

5355 Orlauf the Cleaver (level 10, -5/82 HPs)
             Began as a Demonspawn Gladiator on Apr 11, 2024.
             Was an Elder of Uskayaw.
             Slain by a wyvern (6 damage)
             ... on level 10 of the Dungeon.
             The game lasted 00:10:41 (8380 turns).

Orlauf the Cleaver (Demonspawn Gladiator)           Turns: 8380, Time: 00:10:41

Health: -5/82      AC: 15    Str: 25    XL:     10   Next: 38%
Magic:  14/14      EV:  6    Int:  9    God:    Uskayaw [****..]
Gold:   578        SH:  0    Dex: 14    Spells: 9/9 levels left

rFire   . . .        a - +0 war axe
rCold   . . .        (no shield)
rNeg    . . .        h - +0 plate armour
rPois   .            c - +1 helmet
rElec   .            (no cloak)
rCorr   .            u - +0 pair of gloves
SInv    +            (no boots)
Will    .....        (no amulet) Stlth
                     m - +6 ring of strength
HPRegen 0.33/turn    p - ring of see invisible
MPRegen 0.14/turn

%: no passive effects
@: lethally poisoned (-5 -> -11)
A: hooves 2, molten scales 1, demonic guardian 1, spiny 1
a: Renounce Religion, Stomp, Line Pass


You were on level 10 of the Dungeon.
You worshipped Uskayaw.
Uskayaw was noncommittal.
You visited 2 branches of the dungeon, and saw 11 of its levels.

You collected 578 gold pieces.

Inventory:

Hand Weapons
 a - a +0 war axe (weapon)
 b - a +4 spear
 C - a +4 morningstar of freezing
Missiles
 d - a throwing net
 e - 3 javelins
 k - a curare-tipped dart
 n - 23 poisoned darts (quivered)
Armour
 c - a +1 helmet (worn)
 h - a +0 plate armour (worn)
 u - a +0 pair of gloves (worn)
Jewellery
 m - a +6 ring of strength (left hand)
 p - a ring of see invisible (right hand)
 q - a +6 ring of strength
 s - a ring of flight
 E - a ring of fire
Wands
 w - a wand of charming (3)
 B - a wand of acid (6)
 D - a wand of polymorph (6)
Scrolls
 f - 2 scrolls of vulnerability
 j - 3 scrolls of poison
 v - 2 scrolls of immolation
 y - a scroll of amnesia
 z - 3 scrolls of teleportation
 A - a scroll of revelation
Potions
 g - 7 potions of curing
 i - 6 potions of haste
 l - a potion of enlightenment
 o - a potion of berserk rage
 r - 2 potions of ambrosia {unknown}
 t - 3 potions of lignification
 x - a potion of heal wounds {unknown}


   Skills:
 + Level 8.9 Fighting
 * Level 11.4 Axes
 - Level 1.7 Throwing
 - Level 2.6 Dodging
 + Level 5.7 Invocations


You had 9 spell levels left.
You didn't know any spells.
Your spell library contained the following spells:

 Spells                   Type           Power      Damage    Failure   Level
 Shock                    Conj/Air       0%         1d3       100%        1
 Cigotuvi's Dreadful Rot  Necr/Alch/Air  0%         N/A       100%        2
 Frozen Ramparts          Ice            0%         1d1       100%        3
 Inner Flame              Hex/Fire       0%         N/A       100%        3
 Tukima's Dance           Hex            0%         N/A       100%        3
 Anguish                  Hex/Necr       0%         N/A       100%        4
 Dimensional Bullseye     Hex/Tloc       0%         N/A       100%        4
 Iskenderun's Mystic Bla Conj/Tloc 0%             2d3        (+2d1     100%        4
 Curse of Agony           Necr           0%         N/A       100%        5
 Freezing Cloud           Conj/Ice/Air   0%         6-21      100%        5
 Irradiate                Conj/Alch      0%         3d11      100%        5
 Iskenderun's Battlesphe  Conj           0%         2d6       100%        5
 Ignition                 Fire           0%         3d3       100%        8
 Chain Lightning          Conj/Air       0%         N/A       100%        9


Dungeon Overview and Level Annotations

Branches:
Dungeon (10/15)            Temple (1/1) D:6
   Lair: D:8-11         Orc: D:9-12

Altars:
Ashenzari
Cheibriados
Dithmenos
Fedhas
Gozag
Hepliaklqana
Kikubaaqudgha
Makhleb
Nemelex Xobeh
Okawaru
Qazlal
Ru
Sif Muna
Trog
Uskayaw
Vehumet
Wu Jian
Xom
Yredelemnul

Shops:
D:4 [

Annotations:
D:7 2 transporters, DimondSprtn's ghost, novice CoHu
D:9 1 runed translucent door, AutarchDCSS's ghost, novice DrCK


Innate Abilities, Weirdness & Mutations

You have hoof-like feet.
You are partially covered in molten scales. (AC +2)
A weak demonic guardian rushes to your aid.
You are partially covered in sharp spines.


Message History

The helpless wyvern fails to defend itself.
You hit the wyvern. You kick the wyvern.
The wyvern is heavily wounded.
The helpless iguana fails to defend itself.
You slash the iguana!
You feel very sick.
Uskayaw will force your foes to share their pain.
Uskayaw links your audience in an emotional bond!
The helpless iguana fails to defend itself.
You slice the iguana!!
You kill the iguana!
The helpless wyvern fails to defend itself.
You hit the wyvern but do no damage.
You feel very sick.
A nearby plant withers and dies.
The wyvern is no longer paralysed.
The wyvern is struck by your spines.
The wyvern bites you but does no damage.
The wyvern is struck by your spines. The wyvern barely misses you.
You hit the wyvern but do no damage.
The wyvern is severely wounded.
You feel sick. The wyvern bites you.
* * * LOW HITPOINT WARNING * * *
A demonic guardian appears!
Unknown command.
You hit the wyvern but do no damage. You kick the wyvern.
The wyvern is almost dead.
You feel sick. The wyvern is struck by your spines. The wyvern bites you!
* * * LOW HITPOINT WARNING * * *
A water moccasin comes into view.
Unknown command.
You closely miss the wyvern.
The water moccasin hisses angrily.
Your kick misses the wyvern.
The wyvern is almost dead.
* * * LOW HITPOINT WARNING * * *
You feel sick.
You hear an angry hiss.
The wyvern bites you.
You die...
Your body falls in perfect tune with the rhythm.

#. P#.##
..... ..P...
.......
P[.....#####
....P..k...#
..P.P..†@..#
P......†.5.#
.S.........#
....♣.....>#
.....P.<...#
..P.P......#
..PPP#.#####
♣...##.


PP.. .. You could see a water moccasin, a wyvern (pain bonded, ally target) and
a friendly quasit (summoned).

Vanquished Creatures
  A two-headed ogre (D:8)
  A cyclops (D:8)
  A hornet (D:9)
  4 yaks (D:7)
  A wraith (D:9)
  2 steam dragons
  An acid dragon (D:9)
  2 water moccasins
  4 black bears
  3 sky beasts
  3 ice beasts
  A wolf (D:10)
  An ogre (D:6)
  A centaur (D:9)
  A bullfrog (D:7)
  A gnoll sergeant (D:7)
  5 scorpions
  8 wights (D:8)
  3 killer bees (D:9)
  3 howler monkeys
  A bombardier beetle (D:4)
  3 jellies
  A gnoll bouda (D:6)
  A hound (D:6)
  3 sleepcaps
  Jessica (D:2)
  3 iguanas
  9 gnolls
  11 adders
  3 shadow imps
  A white imp (D:6)
  3 dart slugs
  2 ribbon worms
  8 orcs
  5 bats
  6 endoplasms
  10 giant cockroaches
  5 goblins
  9 hobgoblins
  8 jackals
  9 ball pythons
  12 frilled lizards
  10 kobolds
  4 rats
175 creatures vanquished.

Vanquished Creatures (collateral kills)
  A gnoll (D:7)
1 creature vanquished.

Vanquished Creatures (others)
  A gnoll (D:7)
1 creature vanquished.

Grand Total: 177 creatures vanquished

Notes
Turn   | Place    | Note
-------+----------+-------------------------------------------
     0 | D:1      | Orlauf the Demonspawn Gladiator began the quest for the
                  | Orb.
     0 | D:1      | Reached XP level 1. HP: 16/16 MP: 1/1
   216 | D:1      | Reached skill level 3 in Axes
   217 | D:1      | Gained mutation: You have large cloven feet. [demonic
                  | ancestry]
   217 | D:1      | Reached XP level 2. HP: 22/22 MP: 2/2
   225 | D:1      | Found a faded altar of an unknown god.
   973 | D:2      | Got the Elucidation of the Chill and Force
  1116 | D:2      | Gained mutation: A weak demonic guardian rushes to your
                  | aid. [demonic ancestry]
  1116 | D:2      | Reached XP level 3. HP: 14/28 MP: 3/3
  1186 | D:2      | Found a radiant altar of Vehumet.
  1270 | D:2      | Noticed Jessica
  1278 | D:2      | Killed Jessica
  1334 | D:2      | Reached skill level 4 in Axes
  1334 | D:2      | Reached XP level 4. HP: 34/34 MP: 4/4
  2500 | D:4      | Found an ancient bone altar of Kikubaaqudgha.
  2542 | D:4      | Found a sacrificial altar of Ru.
  2553 | D:4      | Found an opulent altar of Gozag.
  2630 | D:4      | Reached XP level 5. HP: 41/41 MP: 5/5
  2645 | D:4      | Noticed an ice beast
  2656 | D:4      | Killed an ice beast
  2657 | D:4      | Reached skill level 5 in Axes
  2747 | D:4      | Found Bijat's Armour Shop.
  2801 | D:4      | Gained mutation: You are partially covered in sharp spines.
                  | [demonic ancestry]
  2801 | D:4      | Reached XP level 6. HP: 48/48 MP: 6/6
  3088 | D:4      | Reached skill level 6 in Axes
  3278 | D:4      | Reached XP level 7. HP: 40/55 MP: 7/7
  3459 | D:4      | Reached skill level 5 in Fighting
  3564 | D:5      | Entered Level 5 of the Dungeon
  3713 | D:5      | Found a stormy altar of Qazlal.
  3894 | D:5      | Reached skill level 7 in Axes
  4019 | D:5      | Got Xulydent's Grimoire of Fumes and Cadavers
  4210 | D:6      | Gained mutation: You have hoof-like feet. [demonic
                  | ancestry]
  4210 | D:6      | Reached XP level 8. HP: 55/64 MP: 8/8
  4427 | D:6      | Reached skill level 8 in Axes
  4929 | D:6      | You fall into a shaft and drop 2 floors!
  4947 | D:7      | Found a transporter.
  4949 | D:7      | Noticed DimondSprtn's ghost (novice CoHu)
  5059 | D:7      | Reached skill level 9 in Axes
  5070 | D:7      | Gained mutation: You are partially covered in molten
                  | scales. (AC +2) [demonic ancestry]
  5070 | D:7      | Reached XP level 9. HP: 43/72 MP: 9/9
  5322 | D:7      | Identified the +1 great mace of the Whelk {elec, rCorr
                  | Int+4 Stlth+}
  5322 | D:7      | Noticed a two-headed ogre
  5679 | D:6      | Found a staircase to the Ecumenical Temple.
  5688 | Temple   | Entered the Ecumenical Temple
  5694 | Temple   | Became a worshipper of Uskayaw the Reveller
  5819 | D:7      | Reached * piety under Uskayaw
  5863 | D:7      | Reached ** piety under Uskayaw
  5868 | D:7      | Reached skill level 10 in Axes
  5868 | D:7      | Reached skill level 1 in Invocations
  6166 | D:7      | Found a transporter.
  6323 | D:8      | Reached *** piety under Uskayaw
  6327 | D:8      | Reached **** piety under Uskayaw
  6328 | D:8      | Reached ***** piety under Uskayaw
  6678 | D:8      | Noticed a two-headed ogre
  6693 | D:8      | Killed a two-headed ogre
  6727 | D:8      | Reached XP level 10. HP: 82/82 MP: 13/13
  6757 | D:8      | Noticed a cyclops
  6767 | D:8      | Killed a cyclops
  6768 | D:8      | Reached skill level 11 in Axes
  7016 | D:8      | Found a shadowy altar of Dithmenos.
  7364 | D:9      | Reached skill level 5 in Invocations
  7481 | D:9      | Found a runed translucent door.
  7485 | D:9      | Paralysed by a hornet for 3 turns
  7640 | D:9      | Identified the +10 trident of War {chaos, rN+}
  7640 | D:9      | Noticed AutarchDCSS's ghost (novice DrCK)
  8366 | D:10     | Entered Level 10 of the Dungeon
  8379 | D:10     | HP: 3/82 [wyvern (10)]
  8380 | D:10     | HP: 1/82 [poisoned by a water moccasin]
  8380 | D:10     | Slain by a wyvern

Illustrated notes

Levels and vault maps discovered:
D:1:      heliophobic_arrival_henge, layout_basic, shapermc_ecumenical_altar_gd,
          chequers_arboretum, minmay_lizard_king
D:2:      layout_basic, basic_altar, serial_bayou_ford_a, uniq_jessica
D:3:      layout_rooms
D:4:      cheibrodos_barr_body, layout_basic, nicolae_overflow_quartered_altars,
          serial_shops, nicolae_shop_statue_plus, feat_on_display
D:5:      layout_rooms, mainiacjoe_overflow_large_starburst
D:6:      layout_cave_pods, temple_hall, kennysheep_small_square
D:7:      layout_loops_ring, gammafunk_ghost_smash
D:8:      layout_basic, grunt_dithmenos_smoke_and_mirrors,
          minmay_misc_feat_secret_circle
D:9:      layout_loops_cross, ebering_ghost_funeral_grove, abandoned_shop
D:10:     layout_rooms, zin_treasury, minmay_lair_entry_grove, enter_bailey_7,
          uniq_amaemon, uniq_nergalle
Temple:   eino_narrow_crystal_temple

Skill      XL: |  1  2  3  4  5  6  7  8  9 10 |
---------------+-------------------------------+-----
Axes           | 3 4 5 6 7 9 10 11 | 11.4
Fighting       | 3 4 5 7 8 |  8.9
Invocations    | 4 5 |  5.7
Throwing       | |  1.7
Dodging        | |  2.6

Action                     |  1- 3 |  4- 6 |  7- 9 | 10-12 || total
---------------------------+-------+-------+-------+-------++-------
  Melee: War axe           |    78 |   144 |   166 |    56 ||   444
         Kick              |    12 |    43 |    51 |    19 ||   125
         Spear             |       |       |    10 |       ||    10
  Throw: Throwing net      |       |     2 |     2 |       ||     4
         Javelin           |       |       |     3 |       ||     3
         Dart              |       |       |     1 |     1 ||     2
  Evoke: Wand              |       |       |     4 |       ||     4
    Use: Scroll            |     3 |     8 |     8 |       ||    19
   Stab: Held in net/web   |       |     2 |     2 |       ||     4
         Paralysed         |       |       |     2 |     4 ||     6
 Armour: Scale mail        |    59 |   136 |   137 |       ||   332
         Leather armour    |     2 |       |       |       ||     2
         Plate armour      |       |       |       |    60 ||    60
         Chain mail        |       |       |       |     9 ||     9
  Dodge: Dodged            |    37 |    99 |    80 |    24 ||   240

Table legend: (Time is in decaauts)
 A = Elapsed time spent in this place.
 B = Non-inter-level travel time spent in this place.
 C = Inter-level travel time spent in this place.
 D = Time resting spent in this place.
 E = Time spent auto-exploring this place.
 F = Levels seen in this place.
 G = Mean time per level.
                   A        B        C        D        E       F      G
               +--------+--------+--------+--------+--------+-----+--------+
         Total |   8468 |   8152 |    316 |    998 |   5880 |  11 |  769.8 |
       Dungeon |   8455 |   8146 |    309 |    998 |   5880 |  10 |  845.5 |
        Temple |     12 |      6 |      6 |      0 |      0 |   1 |   12.0 |
               +--------+--------+--------+--------+--------+-----+--------+

Top non-repeatable levels by time:
     D:4: 1218 daAuts
     D:6: 1111 daAuts
     D:9: 1058 daAuts
     D:7: 1035 daAuts
     D:8: 993 daAuts
     D:2: 988 daAuts
     D:1: 958 daAuts
     D:5: 606 daAuts
     D:3: 470 daAuts
    D:10: 13 daAuts
  Temple: 12 daAuts
